 Dungeon Crawl Stone Soup version 0.24-a0-586-g8e0e932 (webtiles) character file.

Game seed: 6871345775534688520, levelgen mode: deterministic

130 silenth the Conjurer (level 4, -3/33 HPs)
             Began as a Demigod Conjurer on Sept 8, 2019.
             Slain by an orc
             ... wielding a +0 flail
              (7 damage)
             ... on level 3 of the Dungeon.
             The game lasted 00:02:59 (1950 turns).

silenth the Conjurer (Demigod Conjurer)             Turns: 1950, Time: 00:03:00

Health: -3/33      AC:  5    Str: 11    XL:     4   Next: 60%
Magic:  1/10       EV: 11    Int: 21    God:
Gold:   150        SH:  0    Dex: 16    Spells: 2/8 levels left

rFire    . . .     SeeInvis .   c - +0 spear
rCold    . . .     Gourm    .   (no shield)
rNeg     . . .     Faith    .   k - +0 ring mail (curse)
rPois    .         Spirit   .   (no helmet)
rElec    .         Reflect  .   (no cloak)
rCorr    .         Harm     .   (no gloves)
MR       .....                  (no boots)
Stlth    +.........             (no amulet)
HPRegen  0.11/turn              (no ring)
MPRegen  0.12/turn              (no ring)

@: no status effects
A: high mp 1
a: no special abilities


You were on level 3 of the Dungeon.
You were not hungry.

You visited 1 branch of the dungeon, and saw 3 of its levels.

You collected 150 gold pieces.

Inventory:

Hand Weapons
 c - a +0 spear (weapon)
Armour
 a - a +0 robe
 k - a cursed +0 ring mail (worn)
Scrolls
 b - a scroll of enchant weapon {unknown}
 d - 5 scrolls of identify {unknown}
 f - 3 scrolls of teleportation {unknown}
 h - a scroll of remove curse {unknown}
Potions
 g - a potion of ambrosia {unknown}
 i - a potion of might {unknown}
 j - a potion of haste {unknown}
 m - a potion of berserk rage {unknown}
 n - 2 potions of curing {unknown}
Comestibles
 e - 3 rations


   Skills:
 - Level 1.7 Dodging
 - Level 1.7 Stealth
 + Level 2.6 Spellcasting
 * Level 4.8 Conjurations
 * Level 1.8 Hexes


You had 2 spell levels left.
You knew the following spells:

 Your Spells              Type           Power        Failure   Level  Hunger
a - Magic Dart            Conj           ###.         4%          1    None
b - Searing Ray           Conj           ###...       7%          2    ##.....
c - Dazzling Spray        Conj/Hex       ###...       26%         3    ###....

Your spell library contained the following spells:

 Spells                   Type           Power        Failure   Level  Hunger
 Iskenderun's Mystic Bla  Conj           ###.....     43%         4    ####...
 Fulminant Prism          Conj/Hex       ###.......   65%         4    ####...
 Force Lance              Conj/Tloc      ##......     77%         4    ####...


Dungeon Overview and Level Annotations

Branches:
Dungeon (3/15)


Innate Abilities, Weirdness & Mutations

You have an increased reservoir of magic. (+10% MP)


Message History

You hit the orc but do no damage.
The orc is lightly wounded.
You hit the orc but do no damage.
The orc is lightly wounded.
The orc hits you with a +0 flail.
You are too injured to fight recklessly!
You closely miss the orc.
The orc is lightly wounded.
The orc completely misses you.
You hit the orc but do no damage.
The orc is lightly wounded.
The orc hits you with a +0 flail!
You barely miss the orc.
The orc is lightly wounded.
The orc hits you with a +0 flail!
* * * LOW HITPOINT WARNING * * *
You hit the orc.
The orc is moderately wounded.
The orc hits you with a +0 flail!
You die...

....... #......
..... #...#
#...# #...# .
#†..# .
####...## .#
........@###.#
#####..o))...##
###..#....#
#....##...
#...## .. #..##
#..# #..#
#...)...#


You could see an orc.

Vanquished Creatures
  2 gnolls (D:1)
  5 adders (D:2)
  2 worms (D:2)
  3 dart slugs (D:1)
  5 leopard geckos
  4 orcs (D:3)
  A bat (D:2)
  A giant cockroach (D:1)
  2 goblins (D:1)
  5 hobgoblins
  3 quokkas (D:2)
  2 ball pythons (D:2)
  3 frilled lizards
  9 kobolds
  A rat (D:1)
48 creatures vanquished.

Notes
Turn   | Place    | Note
-------+----------+-------------------------------------------
     0 | D:1      | silenth the Demigod Conjurer began the quest for the Orb.
     0 | D:1      | Reached XP level 1. HP: 14/14 MP: 5/5
   106 | D:1      | Reached skill level 2 in Spellcasting
   114 | D:1      | Reached XP level 2. HP: 20/20 MP: 0/7
   195 | D:1      | Reached skill level 4 in Conjurations
   492 | D:1      | Reached XP level 3. HP: 26/26 MP: 6/9
   496 | D:1      | Learned a level 2 spell: Searing Ray
   500 | D:1      | Learned a level 3 spell: Dazzling Spray
   758 | D:1      | You fall into a shaft and drop 1 floor!
  1119 | D:2      | Reached skill level 1 in Hexes
  1261 | D:2      | Reached XP level 4. HP: 28/33 MP: 6/10
  1950 | D:3      | Slain by an orc

Levels and vault maps discovered:
D:1:      lightli_iron_boxes, layout_loops_ring, serial_glass, glass_columns_b,
          glass_columns_a, glass_columns_b, glass_columns_a, glass_columns_a,
          feat_on_display, feat_on_display, item_on_display_a, feat_on_display
D:2:      layout_loops_ring, minmay_close_crescents
D:3:      layout_rooms, first_ration, serial_glass, glass_columns_b,
          glass_columns_c, chequers_ecumenical_altar_simple, uniq_terence

Skill      XL: |  1  2  3 |
---------------+----------+-----
Spellcasting   | 2 |  2.6
Conjurations   | 4 |  4.8
Hexes          | 1 |  1.8
Dodging        | |  1.7
Stealth        | |  1.7

Action                   |  1- 3 |  4- 6 || total
-------------------------+-------+-------++-------
Melee: Spear             |    13 |    17 ||    30
 Cast: Magic Dart        |    68 |    54 ||   122
  Eat: Chunk             |     1 |     2 ||     3
Armor: Robe              |     2 |     2 ||     4
       Ring mail         |       |    13 ||    13
Dodge: Dodged            |    15 |    29 ||    44

Table legend:
 A = Non-vault XP
 B = Vault XP
 C = Vault XP percentage of total XP
 D = Non-vault monster count
 E = Vault monster count
 F = Vault count percentage of total count
                 A         B        C        D         E       F
            +---------+---------+-------+---------+---------+-------
      Total |     158 |      29 |  15.5 |      44 |       4 |   8.3
            +---------+---------+-------+---------+---------+-------
        D:1 |      63 |       0 |   0.0 |      18 |       0 |   0.0
        D:2 |      80 |      29 |  26.6 |      21 |       4 |  16.0
        D:3 |      15 |       0 |   0.0 |       5 |       0 |   0.0
            +---------+---------+-------+---------+---------+-------
